 Dungeon Sprint DCSS version 0.13-a0-2776-g5b28ffd (webtiles) character file.

35 JacquesDerrida the Slasher (level 2, -1/21 HPs)
             Began as a Demonspawn Skald on Aug 25, 2013.
             Was a Believer of Vehumet.
             Slain by an ooze (2 damage)
             ... in the Dungeon (Sprint VII: "The Pits").
             The game lasted 00:01:31 (346 turns).

JacquesDerrida the Slasher (Demonspawn Skald)        Turns: 346, Time: 00:01:31

HP  -1/21        AC  3     Str 12      XL: 2   Next: 34%
MP   4/5         EV 10     Int 13      God: Vehumet [**....]
Gold 20          SH  0     Dex 14      Spells:  2 memorised,  2 levels left

Res.Fire  : . . .   See Invis. : .   k - +2 orc falchion
Res.Cold  : . . .   Warding    : .   b - +0 leather armour
Life Prot.: . . .   Conserve   : .   (no shield)
Res.Poison: .       Res.Corr.  : .   (no helmet)
Res.Elec. : .       Clarity    : .   (no cloak)
Sust.Abil.: . .     Spirit.Shd : .   (no gloves)
Res.Mut.  : .       Prev.Telep.: +   (no boots)
Res.Rott. : .       Flight     : .   (no amulet)
Saprovore : . . .                    (no ring)
                                     (no ring)

@: not resistant to hostile enchantments, unstealthy
A: Dex +2
a: Renounce Religion


You were in the Dungeon.
You worshipped Vehumet.
Vehumet was most pleased with you.
You were not hungry.

You visited 1 branch

Inventory:

Hand weapons
 k - a +2,+2 orcish falchion (weapon)
Armour
 b - a +0 leather armour (worn)
Comestibles
 a - 40 strawberries
 d - 8 bread rations
 l - 7 meat rations
Scrolls
 j - a scroll of blinking
 n - 2 scrolls of vulnerability
 o - 3 scrolls of remove curse
 p - 5 scrolls of amnesia
 q - a scroll of summoning
Potions
 e - a potion of curing
 f - a potion of heal wounds
 g - a potion of speed
 h - 4 potions of magic
 i - 3 potions of berserk rage
 m - 2 potions of invisibility
Books
 c - a book of Battle

   Spells                             Type                      Level
   *Infusion                          Charms                       1
   *Shroud of Golubria                Charms/Translocation         2
   Song of Slaying                    Charms                       2
   Spectral Weapon                    Hexes/Charms                 3
   Regeneration                       Charms/Necromancy            3
   Song of Shielding                  Charms                       4


   Skills:
 - Level 2.0 Fighting
 * Level 4.0 Long Blades
 - Level 0.8 Armour
 - Level 0.8 Dodging
 - Level 2.0 Spellcasting
 + Level 3.7 Charms


You had 2 spell levels left.
You knew the following spells:

 Your Spells              Type           Power        Failure   Level  Hunger
a - Infusion              Chrm           ##....       8%          1    ##.....
b - Shroud of Golubria    Chrm/Tloc      #.........   21%         2    ###....


Dungeon Overview and Level Annotations

Branches:
Dungeon (1/1)

Altars:
Ashenzari
Cheibriados
Elyvilon
Fedhas
Kikubaaqudgha
Makhleb
Nemelex Xobeh
Okawaru
Sif Muna
Trog
Vehumet
Xom
Yredelemnul
Zin
the Shining One
Beogh
Jiyva
Lugonu


Innate Abilities, Weirdness & Mutations

You have a somewhat thin skeletal structure (Dex +2, Stlth).


Message History

The orc shouts!
The ooze quivers.
The giant gecko skeleton barely misses you.
There is an open door here.
There is an open door here.
You barely miss the orc. The orc barely misses you.
You closely miss the orc. The orc hits you with an orcish flail!
You hit the orc but do no damage. The orc hits you with an orcish flail!
Ouch! That really hurt!
* * * LOW HITPOINT WARNING * * *
There is an open door here.
Casting: Infusion
Confirm with . or Enter, or press ? or * to list all spells.
Your attacks are magically infused.
The orc barely misses you.
You barely miss the orc. You barely miss the orc. The orc barely misses you.
You barely miss the orc. The orc hits you with an orcish flail.
* * * LOW HITPOINT WARNING * * *
The ooze hits you.
You die...

############
#__________#
#_____..___#
#######'#############
#.).))'.'..##.........
#.))).#.#.(##......#..#
#######'#####..........
#.......%...%...........
#+#####@#####......#..#.
#..#Jo#%.##...........
#..'.%l.%#####'#####++
##+####'###.......#
#....l...##.......#
#...J....##.......#
#####+#####...<...#
#.......# #.......#


You could see an ooze, an orc and a giant newt.

Vanquished Creatures
  A green rat (D)
  A giant gecko (D)
  3 jackals (D)
  A ball python (D)
  A kobold (D)
  A rat (D)
8 creatures vanquished.

Notes
Turn   | Place    | Note
--------------------------------------------------------------
     0 | D        | JacquesDerrida, the Demonspawn Skald, began the quest for the Orb.
     0 | D        | Reached XP level 1. HP: 15/15 MP: 3/3
    15 | D        | Reached skill level 3 in Long Blades
   159 | D        | Found a viscous altar of Jiyva.
   159 | D        | Found a corrupted altar of Lugonu.
   159 | D        | Found a sparkling altar of Nemelex Xobeh.
   159 | D        | Found a shimmering altar of Xom.
   159 | D        | Found a deep blue altar of Sif Muna.
   159 | D        | Found a bloodstained altar of Trog.
   160 | D        | Found an iron altar of Okawaru.
   160 | D        | Found a roughly hewn altar of Beogh.
   160 | D        | Found a burning altar of Makhleb.
   160 | D        | Found an ancient bone altar of Kikubaaqudgha.
   160 | D        | Found a glowing silver altar of Zin.
   160 | D        | Found a radiant altar of Vehumet.
   160 | D        | Found a blossoming altar of Fedhas.
   160 | D        | Found a snail-covered altar of Cheibriados.
   160 | D        | Found a white marble altar of Elyvilon.
   160 | D        | Found a basalt altar of Yredelemnul.
   160 | D        | Found a glowing golden altar of the Shining One.
   160 | D        | Found a shattered altar of Ashenzari.
   186 | D        | Became a worshipper of Vehumet
   200 | D        | Gained mutation: You have a somewhat thin skeletal structure (Dex +2, Stlth). [demonic ancestry]
   200 | D        | Reached XP level 2. HP: 21/21 MP: 1/5
   208 | D        | JacquesDerrida: бляяя
   246 | D        | Learned a level 2 spell: Shroud of Golubria
   253 | D        | Acquired Vehumet's first power
   253 | D        | Offered knowledge of Sandblast by Vehumet.
   295 | D        | Reached skill level 4 in Long Blades
   346 | D        | HP: 1/21 [orc/orcish flail (2)]
   346 | D        | Slain by an ooze

Action                   || total
-------------------------++-------
Melee: Falchion          ||    26
 Cast: Infusion          ||     4
 Stab: Sleeping          ||     2
